 Dungeon Crawl Stone Soup version 0.21-a0-110-g8e1637b (webtiles) character file.

2811 Manul the Covert (level 9, 0/65 HPs)
             Began as a Vampire Assassin on July 9, 2017.
             Was an Initiate of Dithmenos.
             Slain by a hungry ghost (1 damage)
             ... on level 8 of the Dungeon.
             The game lasted 00:09:20 (8114 turns).

Manul the Covert (Vampire Assassin)                 Turns: 8114, Time: 00:09:20

Health: 0/65       AC:  9    Str: 10    XL:     9   Next: 44%
Magic:  9/9        EV: 16    Int: 17    God:    Dithmenos [......]
Gold:   306        SH:  3    Dex: 19    Spells: 6/8 levels left

rFire    x . .     SeeInvis +   u - +2 dagger (venom)
rCold    + + +     Gourm    .   (no shield)
rNeg     + + +     Faith    .   h - +2 robe {MR+}
rPois    ∞         Spirit   .   a - +2 helmet "Haelahyfi" {Int+4}
rElec    .         Reflect  +   d - +0 cloak
rCorr    .         Harm     .   (no gloves)
MR       +....                  H - +0 pair of boots
Stlth    ++++++++..             j - +3 amulet of reflection
HPRegen  0.00/turn              s - ring of protection from cold
MPRegen  0.11/turn              c - ring of ice

@: bloodless, non-regenerating
A: fangs 3, see invisible, unbreathing
a: Bat Form, Renounce Religion


You were on level 8 of the Dungeon.
You worshipped Dithmenos.
Dithmenos was noncommittal.
You were bloodless.

You visited 2 branches of the dungeon, and saw 9 of its levels.

You collected 306 gold pieces.

Inventory:

Hand Weapons
 b - a +0 blowgun
 f - a +1 whip of electrocution
 t - a +1 hand axe of freezing
 u - a +2 dagger of venom (weapon)
 I - a +0 short sword of venom
Missiles
 e - 14 poisoned needles
 w - 2 curare-tipped needles
Armour
 a - the +2 helmet "Haelahyfi" (worn) {Int+4}
   (You found it on level 6 of the Dungeon)

   It affects your intelligence (+4).
 d - a +0 cloak (worn)
 h - a +2 robe of magic resistance (worn)
 r - a +1 hat
 H - a +0 pair of boots (worn)
Jewellery
 c - a ring of ice (right hand)
 j - a +3 amulet of reflection (around neck)
 s - a ring of protection from cold (left hand)
Wands
 l - a wand of confusion (23/48)
 D - a wand of confusion (14/48)
Scrolls
 i - 2 scrolls of enchant armour {unknown}
 k - 2 scrolls of remove curse
 m - a scroll of fear
 o - 3 scrolls of magic mapping {unknown}
 p - 3 scrolls of immolation {unknown}
 x - a scroll of recharging {unknown}
 y - a scroll of fog {unknown}
 z - 3 scrolls of enchant weapon {unknown}
 B - 2 scrolls of teleportation {unknown}
 F - a scroll of blinking {unknown}
 G - 3 scrolls of identify
Potions
 g - 10 potions of blood
 n - 5 potions of mutation {unknown}
 q - 2 potions of curing
 v - a potion of cancellation {unknown}
 A - a potion of haste {unknown}
 C - a potion of agility
 J - a potion of lignification {unknown}
Books
 E - a book of Geomancy

   Spells                             Type                      Level
   a - Sandblast                      Earth                        1
   b - Passwall                       Transmutation/Earth          2
   c - Stone Arrow                    Conjuration/Earth            3
   d - Petrify                        Transmutation/Earth          4
   e - Lee's Rapid Deconstruction     Earth                        5


   Skills:
 + Level 4.0 Fighting
 + Level 7.8 Short Blades
 - Level 0.1 Axes
 - Level 2.7 Throwing
 + Level 5.8 Dodging
 + Level 13.6 Stealth


You had 6 spell levels left.
You knew the following spells:

 Your Spells              Type           Power        Failure   Level  Hunger
a - Passwall              Tmut/Erth      #.........   34%         2    ###....


Dungeon Overview and Level Annotations

Branches:
Dungeon (8/15)             Temple (1/1) D:7
   Lair: D:8-11

Altars:
Dithmenos
Elyvilon
Fedhas
Hepliaklqana
Kikubaaqudgha
Nemelex Xobeh
Qazlal
Xom
Zin

Annotations:
D:4 Grinder; ig87's ghost, novice NaTm


Innate Abilities, Weirdness & Mutations

You do not heal naturally.
You are immune to poison.
You have razor-sharp teeth.
You have supernaturally acute eyesight. (SInv)
You can survive without breathing.


Message History

The hungry ghost is heavily damaged.
The hungry ghost hits you.
* * * LOW HITPOINT WARNING * * *
You hit the hungry ghost.
The hungry ghost is severely damaged.
The hungry ghost hits you.
You hit the hungry ghost. Your bite misses the hungry ghost.
The hungry ghost is severely damaged.
You miss the hungry ghost.
The hungry ghost is severely damaged.
The hungry ghost hits you.
You hit the hungry ghost. Your bite misses the hungry ghost.
The hungry ghost is severely damaged.
You hit the hungry ghost. You bite the hungry ghost.
The hungry ghost is almost destroyed.
The hungry ghost barely misses you.
You miss the hungry ghost.
The hungry ghost is almost destroyed.
The hungry ghost hits you.
You die...

#..# #..#
#..# #..#
###..# ....
...####.###
#......@.#
#.####.#W#
...#.#
#####.# #<#
#...#
#.#.#.#
#....... .
..# ###


You could see a hungry ghost.

Vanquished Creatures
  Pikel (D:4)
  A hungry ghost (D:7)
  Edmund (D:4)
  2 orc warriors
  3 slaves
  An ice beast (D:5)
  A black bear (D:6)
  A phantom (D:5)
  3 sky beasts
  An ogre (D:4)
  2 centaurs (D:5)
  A big kobold (D:7)
  2 bullfrogs
  A scorpion (D:4)
  A howler monkey (D:6)
  3 bullfrog zombies
  A centaur zombie (D:6)
  3 hounds
  3 jellies
  5 orc priests
  An orc wizard (D:5)
  4 worker ants (D:4)
  3 hound skeletons (D:4)
  A howler monkey zombie (D:3)
  9 adders
  An ooze (D:1)
  2 adder skeletons
  2 worms
  2 leopard geckos
  29 orcs
  2 ball pythons (D:3)
  4 bats
  4 giant cockroaches
  14 goblins
  9 hobgoblins
  12 jackals
  7 quokkas
  4 frilled lizards
  7 kobolds
  A quokka skeleton (D:5)
  3 rats
158 creatures vanquished.

Vanquished Creatures (others)
  A slave (D:4)
1 creature vanquished.

Grand Total: 159 creatures vanquished

Notes
Turn   | Place    | Note
-------+----------+-------------------------------------------
     0 | D:1      | Manul the Vampire Assassin began the quest for the Orb.
     0 | D:1      | Reached XP level 1. HP: 16/16 MP: 1/1
    31 | D:1      | Reached skill level 6 in Stealth
   137 | D:1      | Reached XP level 2. HP: 16/22 MP: 2/2
   662 | D:2      | Reached skill level 7 in Stealth
   933 | D:2      | Reached XP level 3. HP: 27/27 MP: 3/3
  1466 | D:2      | Reached XP level 4. HP: 33/33 MP: 4/4
  1855 | D:3      | Found a white marble altar of Elyvilon.
  2230 | D:4      | Noticed a slave
  2230 | D:4      | Noticed a slave
  2231 | D:4      | Noticed Pikel
  2232 | D:4      | Reached XP level 5. HP: 38/38 MP: 5/5
  2251 | D:4      | Killed a slave
  2660 | D:4      | Noticed a slave
  2660 | D:4      | Noticed a slave
  2677 | D:4      | Killed a slave
  2694 | D:3      | Killed a slave
  3093 | D:4      | Reached skill level 8 in Stealth
  3415 | D:4      | Killed Pikel
  3415 | D:4      | Reached skill level 5 in Short Blades
  3415 | D:4      | Reached skill level 9 in Stealth
  3415 | D:4      | Reached XP level 6. HP: 32/46 MP: 6/6
  3415 | D:4      | Reached XP level 7. HP: 36/51 MP: 7/7
  3553 | D:4      | Reached skill level 10 in Stealth
  3937 | D:4      | Noticed ig87's ghost (novice NaTm)
  3938 | D:4      | Noticed Edmund
  3938 | D:4      | Noticed a hippogriff
  3940 | D:4      | Noticed Grinder
  3985 | D:5      | Entered Level 5 of the Dungeon
  4347 | D:5      | Reached XP level 8. HP: 58/58 MP: 8/8
  4481 | D:5      | Reached skill level 11 in Stealth
  4780 | D:4      | Killed Edmund
  5800 | D:6      | Reached skill level 12 in Stealth
  5865 | D:6      | Got a pitted helmet
  5876 | D:6      | Identified the +2 helmet "Haelahyfi" {Int+4} (You found it on level 6 of the Dungeon)
  6205 | D:6      | Reached skill level 13 in Stealth
  6205 | D:6      | Reached XP level 9. HP: 61/64 MP: 9/9
  6235 | D:6      | Found a white marble altar of Elyvilon.
  6242 | D:6      | Found an ancient bone altar of Kikubaaqudgha.
  6425 | D:5      | Reached skill level 5 in Dodging
  6611 | D:7      | Found a staircase to the Ecumenical Temple.
  6627 | Temple   | Entered the Ecumenical Temple
  6749 | Temple   | Became a worshipper of Dithmenos the Shadowed
  7105 | D:7      | Learned a level 2 spell: Passwall
  7174 | D:7      | Noticed an unseen horror
  8075 | D:7      | HP: 2/65 [orc warrior/long sword (23)]
  8108 | D:8      | HP: 1/65 [hungry ghost (1)]
  8114 | D:8      | Slain by a hungry ghost

Vault maps used:
D:1:      dpeg_arrival_leaves_temple_mockup, grunt_decor_arrowhead
D:2:      guppyfry_early_orc_mine
D:3:      first_bread, elyvilon_altar_5
D:4:      nicolae_overflow_hidden_temple, uniq_edmund, uniq_grinder, uniq_pikel
D:6:      amethyst_overflow_temple_binary
D:7:      lemuel_coloured_pillars_altar, minmay_temple_entry_statues_pillars
D:8:      evilmike_ruin_ashenzari, serial_shops, shop
Temple:   minmay_temple_curvy_loop

Skill      XL: |  1  2  3  4  5  6  7  8  9 |
---------------+----------------------------+-----
Stealth        | 6 7 9 10 13 | 13.6
Fighting       | 2 3 4 |  4.0
Short Blades   | 3 5 6 7 |  7.8
Throwing       | 2 |  2.7
Dodging        | 2 3 4 5 |  5.8
Axes           | |  0.1

Action                   |  1- 3 |  4- 6 |  7- 9 || total
-------------------------+-------+-------+-------++-------
Melee: Dagger            |    83 |    76 |   402 ||   561
       Bite              |     4 |     9 |    38 ||    51
       Hand axe          |     9 |     2 |     3 ||    14
 Fire: Blowgun           |     9 |     9 |     2 ||    20
Evoke: Wand              |       |       |     4 ||     4
  Use: Scroll            |     3 |     1 |     2 ||     6
       Potion            |       |     7 |    10 ||    17
 Stab: Sleeping          |    11 |    12 |    25 ||    48
       Distracted        |       |       |     7 ||     7
       Confused          |       |       |     2 ||     2
Armor: Robe              |    21 |     7 |    61 ||    89
Dodge: Dodged            |    48 |    33 |   227 ||   308
Block: Other             |    12 |     1 |    31 ||    44
       Reflection        |     3 |       |       ||     3
